 Seeded DCSS version 0.30.1-5-ged363bc7ee (webtiles) character file.

Game seed: 920673320228942481 (custom seed)

42312 Psyclone the Eclecticist (level 13, -1/78 HPs)
             Began as a Deep Elf Venom Mage on Sept 19, 2023.
             Was an Elder of Vehumet.
             Slain by a death yak (18 damage)
             ... on level 4 of the Lair of Beasts.
             The game lasted 01:19:23 (23994 turns).

Psyclone the Eclecticist (Deep Elf Venom Mage)     Turns: 23994, Time: 01:19:24

Health: -1/78      AC: 10    Str:  5    XL:     13   Next: 84%
Magic:  19/35      EV: 15    Int: 26    God:    Vehumet [****..]
Gold:   1428       SH:  6    Dex: 15    Spells: 24/44 levels left

rFire   . . .        a - +9 staff of Olgreb {rPois∞}
rCold   + . .        G - +1 buckler
rNeg    . . .        T - +1 robe {rC+}
rPois   ∞            r - +2 helmet
rElec   .            P - +0 cloak {rPois}
rCorr   .            (no gloves)
SInv    +            d - +2 pair of boots {Stlth+}
Will    +....        z - amulet of the acrobat
Stlth   +++          f - ring of wizardry
HPRegen 0.33/turn    t - ring of see invisible
MPRegen 0.24/turn

%: acrobat, clarity, wizardry (x1)
@: very slightly contaminated, unable to read
A: clarity, inability to read after injury 1
a: Renounce Religion, Evoke the Staff of Olgreb


You were on level 4 of the Lair of Beasts.
You worshipped Vehumet.
Vehumet was greatly pleased with you.
You visited 3 branches of the dungeon, and saw 16 of its levels.

You collected 2210 gold pieces.
You spent 782 gold pieces at shops.

Inventory:

Hand Weapons
 a - the +9 staff of Olgreb (weapon) {rPois∞}
   (You acquired it on level 1 of the Dungeon)

   It enhances your poison magic.
   It grants immunity to poison.
   It can be activated via the 'a'bility menu to radiate toxic energy, with
   effectiveness depending on Evocations skill.
Missiles
 W - a throwing net {!f}
Armour
 d - a +2 pair of boots of stealth (worn)
 r - a +2 helmet (worn)
 A - a +2 robe
 G - a +1 buckler (worn)
 P - a +0 cloak of poison resistance (worn)
 T - a +1 robe of cold resistance (worn)
Magical Staves
 B - a staff of fire
Jewellery
 f - a ring of wizardry (left hand)
 g - a ring of protection from fire
 l - a ring of resist corrosion
 t - a ring of see invisible (right hand)
 z - an amulet of the acrobat (around neck)
 F - an amulet of regeneration
 I - a +4 ring of protection
 J - the amulet "Giogomotz" {rF+++ Regen+ Str+6 Int+3}
   (You found it on level 6 of the Dungeon)

   [amulet of regeneration]

   Str:       It affects your strength (+6).
   Int:       It affects your intelligence (+3).
   rF:        It renders you almost immune to fire.
   Regen:     It increases your rate of health regeneration.
 N - an amulet of faith
 V - a +6 ring of strength
Wands
 c - a wand of polymorph (26)
 x - a wand of paralysis (13)
 M - a wand of digging (8)
 O - a wand of flame (3)
 R - a wand of roots (3)
 S - a wand of light (6)
Scrolls
 i - 14 scrolls of teleportation
 j - 2 scrolls of amnesia {unknown}
 k - 4 scrolls of fog {unknown}
 p - 4 scrolls of enchant weapon
 v - 2 scrolls of poison {unknown}
 w - 2 scrolls of identify {@r1}
 y - 6 scrolls of fear
 C - a scroll of vulnerability
 H - 4 scrolls of immolation
 U - 3 scrolls of blinking
Potions
 b - 2 potions of magic
 e - 3 potions of resistance
 h - 2 potions of cancellation
 m - 3 potions of heal wounds
 n - a potion of brilliance
 o - a potion of lignification
 q - 6 potions of curing {unknown}
 s - 4 potions of ambrosia {unknown}
 u - 3 potions of invisibility
 D - 3 potions of might
 E - a potion of berserk rage
 K - 3 potions of attraction
 L - 4 potions of flight
Miscellaneous
 Q - a piece from Xom's chessboard (15/15)


   Skills:
 - Level 8.0 Fighting
 - Level 8.0 Dodging
 - Level 2.4 Stealth
 - Level 4.0 Shields
 - Level 16.0 Spellcasting
 - Level 12.0 Conjurations
 - Level 8.0 Transmutations
 + Level 10.0 Fire Magic
 - Level 8.0 Poison Magic


You had 24 spell levels left.
You knew the following spells:

 Your Spells              Type           Power      Damage    Failure   Level
a - Poisonous Vapours     Pois/Air       100%       N/A       1%          2
b - Magic Dart            Conj           100%       1d8       1%          1
c - Irradiate             Conj/Tmut      32%        3d22      1%          5
d - Fireball              Conj/Fire      33%        3d14      1%          5
q - Blink                 Tloc           40%        N/A       2%          2
v - Sting                 Tmut/Pois      100%       1d8       1%          1
x - Olgreb's Toxic Radia  Pois           76%        N/A       1%          4

Your spell library contained the following spells:

 Spells                   Type           Power      Damage    Failure   Level
 Volatile Blastmotes      Fire/Tloc      92%        2d17      1%          3
 Foxfire                  Conj/Fire      100%       2x1d9     1%          1
 Kiss of Death            Conj/Necr      100%       2d13      1%          1
 Sandblast                Erth           40%        2d10      1%          1
 Passwall                 Tmut/Erth      34%        N/A       1%          2
 Scorch                   Fire           100%       2d9       1%          2
 Dazzling Flash           Conj/Hex       100%       N/A       1%          3
 Frozen Ramparts          Ice            40%        1d7       1%          3
 Mephitic Cloud           Conj/Pois/Air  70%        N/A       1%          3
 Stone Arrow              Conj/Erth      100%       3d13      1%          3
 Flame Wave               Conj/Fire      67%        2d15      1%          4
 Starburst                Conj/Fire      33%        6d10      1%          6
 Call Imp                 Summ           40%        N/A       2%          2
 Sublimation of Blood     Necr           20%        N/A       2%          2
 Freezing Cloud           Conj/Ice/Air   20%        6-21      2%          5
 Ice Form                 Ice/Tmut       41%        N/A       3%          4
 Petrify                  Tmut/Erth      41%        N/A       3%          4
 Call Canine Familiar     Summ           20%        N/A       5%          3
 Confusing Touch          Hex            20%        N/A       5%          3
 Portal Projectile        Hex/Tloc       40%        N/A       5%          3
 Vampiric Draining        Necr           20%        2d7       5%          3
 Plasma Beam              Fire/Air       23%        2x1d38    10%         6
 Dispel Undead            Necr           20%        3d11      16%         4
 Leda's Liquefaction      Hex/Erth       10%        N/A       16%         4
 Manifold Assault         Tloc           20%        N/A       16%         4
 Summon Ice Beast         Ice/Summ       20%        N/A       16%         4
 Summon Lightning Spire   Summ/Air       20%        N/A       16%         4
 Borgnjor's Vile Clutch   Necr/Erth      10%        N/A       41%         5
 Summon Cactus Giant      Summ           10%        N/A       92%         6
 Storm Form               Tmut/Air       20%        N/A       93%         7
 Borgnjor's Revivificati  Necr           10%        N/A       100%        8
 Maxwell's Capacitive Co  Air            10%        ∞         100%        8


Dungeon Overview and Level Annotations

Branches:
Dungeon (11/15) Zot: 25478  Temple (1/1) D:6 Zot: 5781    Lair (4/5) D:8 Zot: 17399
  Swamp (0/4) Lair:3        Snake (0/4) Lair:3          Orc (0/2) D:11
  Slime: Lair:4-5

Altars:
Ashenzari
Cheibriados
Dithmenos
Elyvilon
Fedhas
Gozag
Hepliaklqana
Kikubaaqudgha
Makhleb
Nemelex Xobeh
Okawaru
Qazlal
Ru
Sif Muna
Trog
Uskayaw
Vehumet
Wu Jian
Xom
Yredelemnul
Zin
The Shining One

Shops:
D:3 *:

Annotations:
D:9 2 transporters, exclusions: 2 downstairs and 1 more exclusion, lonewolfV2's ghost, novice DsFi


Innate Abilities, Weirdness & Mutations

You possess an exceptional clarity of mind.
You occasionally lose the ability to read scrolls when taking damage.


Message History

You block the death yak's attack.
A death yak comes into view.
You sock the death yak!
The death yak is almost dead.
A nearby fungus withers and dies.
The death yak gores you!! The death yak gores you!
You take 38 damage, and have 40/78 hp.
MASSIVE DAMAGE!!
You hit the death yak.
The death yak is almost dead.
The death yak gores you!!
* * * LOW HITPOINT WARNING * * *
You take 21 damage, and have 19/78 hp.
MASSIVE DAMAGE!!
Casting: Irradiate (dangerous; 1% risk of failure)
Confirm with . or Enter, or press ? or * to list all spells.
Aiming: Fireball (mildly dangerous; 1% risk of failure)
Press: ? - help, Shift-Dir - straight line, f - death yak, p - death yak
Aim: a death yak The fireball explodes!
The fireball engulfs the death yak!!
The death yak is moderately wounded.
The fireball engulfs the death yak!!
You kill the death yak!
Vehumet accepts your kill.
You feel your power returning.
Your Fire Magic skill increases to level 10!
You now have 21/35 mp.
Casting: Fireball (mildly dangerous; 1% risk of failure)
Confirm with . or Enter, or press ? or * to list all spells.
Aiming: Poisonous Vapours (safe; 1% risk of failure)
Press: ? - help, Dir - move target, f/p - death yak
Aim: a death yak (moderately wounded)
You feel a surge of power!
Poisonous vapours surround the death yak!
The death yak is poisoned.
A death yak comes into view.
The death yak gores you.
* * * LOW HITPOINT WARNING * * *
You take 3 damage, and have 17/78 hp.
You now have 19/35 mp.
The death yak attacks as you move away! The death yak gores you!!
You feel threatened and lose the ability to read scrolls!
You die...

#...##..# #.####.#
##⌠.<...# #.## #.# .
#....#...####..# #.#
#.##..###.###...####.###
.##...# .# ##P..#....P#.
#..)..# .#####..........
.....## ....>........##.
....## #...........#.#
..### ##..###@....# ###
#.#...Y....# #
#......#.##.# #
#..##.#### ## ## ## .Y
.# #.Y ## ##. .. #Y


You could see 3 death yaks.

Vanquished Creatures
  Fannar (Lair:1)
  Harold (D:10)
  A boulder beetle (D:11)
  2 two-headed ogres
  Erica (D:8)
  A death yak (Lair:4)
  6 hell knights (D:10)
  2 skysharks
  Pikel (D:8)
  3 bog bodies (Lair:3)
  A necromancer (D:10)
  An ugly thing (D:11)
  10 elephants
  Joseph (D:8)
  2 torpor snails (Lair:2)
  An unseen horror (D:11)
  2 rime drakes
  A kobold demonologist (D:6)
  3 cane toads
  10 komodo dragons
  A polar bear (Lair:3)
  A troll (D:9)
  11 blink frogs
  4 dream sheep
  A hornet (D:10)
  Sigmund (D:4)
  2 wraiths
  A shadow (D:10)
  6 wyverns
  46 yaks
  3 basilisks
  Grum (D:8)
  3 vampire mosquitoes
  Menkaure (D:5)
  2 steam dragons
  A swamp worm (Lair:3)
  A warg (D:11)
  3 nagas (Lair:3)
  14 water moccasins
  Duvessa (D:7)
  A sky beast (D:7)
  7 hell hounds (D:10)
  4 black bears
  8 orc warriors
  2 ice beasts
  2 ogres
  8 wolves
  10 centaurs
  2 phantoms (D:6)
  2 kobold brigands
  Blork the orc (D:4)
  3 gnoll sergeants
  10 bullfrogs
  9 scorpions
  5 wights
  Dowan (D:7)
  14 killer bees
  4 howler monkeys (D:9)
  An electric eel (Lair:3)
  4 hounds
  6 orc priests
  2 jellies (D:6)
  Crazy Yiuf (D:2)
  A gnoll bouda (Lair:4)
  Natasha (thrice) (D:2)
  An iguana (D:5)
  Ijyb (D:5)
  13 orc wizards
  Robin (D:4)
  15 gnolls
  5 adders
  7 white imps
  An ufetubus (D:6)
  A worm (D:3)
  2 dart slugs
  48 orcs
  7 endoplasms
  2 giant cockroaches
  9 goblins
  7 hobgoblins
  17 kobolds
  2 quokkas
  9 ball pythons
  4 bats
  4 rats
422 creatures vanquished.

Notes
Turn   | Place    | Note
-------+----------+-------------------------------------------
     0 | D:1      | Psyclone the Deep Elf Venom Mage began the quest for the
                  | Orb.
     0 | D:1      | Reached XP level 1. HP: 10/10 MP: 6/6
    65 | D:1      | Identified 3 scrolls of acquirement
    65 | D:1      | Acquired 1123 gold pieces
    66 | D:1      | Acquired the +9 staff of Olgreb {rPois∞}
    66 | D:1      | Found the +9 staff of Olgreb {rPois∞}
    67 | D:1      | Acquired a +2 pair of boots of stealth
   809 | D:1      | Reached XP level 2. HP: 15/15 MP: 6/8
  1413 | D:2      | Learned a level 2 spell: Poisonous Vapours
  1550 | D:2      | Noticed Natasha
  1567 | D:2      | Killed Natasha
  1568 | D:2      | Reached XP level 3. HP: 7/19 MP: 1/9
  1646 | D:2      | Reached skill level 5 in Poison Magic
  1790 | D:2      | Noticed Natasha
  1797 | D:2      | Killed Natasha
  1798 | D:2      | Reached XP level 4. HP: 24/24 MP: 3/10
  2265 | D:2      | Found a runed translucent door.
  2266 | D:2      | Noticed Crazy Yiuf
  2374 | D:2      | Noticed Natasha
  2378 | D:2      | Killed Natasha
  2756 | D:3      | Found Xyxiz's Assorted Antiques.
  2830 | D:3      | Bought a blue potion for 20 gold pieces
  2830 | D:3      | Bought a murky purple potion for 20 gold pieces
  2830 | D:3      | Bought a fizzy white potion for 20 gold pieces
  2830 | D:3      | Bought a purple potion for 20 gold pieces
  2830 | D:3      | Bought a notched agate ring for 115 gold pieces
  2830 | D:3      | Bought a purple potion for 20 gold pieces
  2830 | D:3      | Bought 2 fizzy ruby potions for 41 gold pieces
  2830 | D:3      | Bought a fuming blue potion for 20 gold pieces
  2924 | D:3      | Found Rylak's Book Boutique.
  2963 | D:3      | Bought a book of Alchemy for 308 gold pieces
  2963 | D:3      | Bought a book of Minor Magic for 198 gold pieces
  2970 | D:3      | Learned a level 4 spell: Olgreb's Toxic Radiance
  3692 | D:4      | Reached XP level 5. HP: 27/28 MP: 7/12
  3769 | D:4      | Noticed Blork the orc
  3790 | D:4      | Killed Blork the orc
  3791 | D:4      | Reached skill level 5 in Spellcasting
  3960 | D:4      | Noticed Robin
  3963 | D:4      | Killed Robin
  4146 | D:4      | Reached skill level 6 in Spellcasting
  4189 | D:4      | Reached XP level 6. HP: 32/32 MP: 14/17
  4361 | D:4      | Learned a level 2 spell: Blink
  4366 | D:4      | Noticed Sigmund
  4383 | D:4      | Killed Sigmund
  4384 | D:4      | Reached skill level 5 in Dodging
  4641 | D:4      | Reached XP level 7. HP: 36/36 MP: 10/18
  4868 | D:4      | Got the Precepts of Hapless Last Rites
  4882 | D:4      | Reached skill level 1 in Fighting
  5069 | D:4      | Learned a level 1 spell: Magic Dart
  5178 | D:5      | Entered Level 5 of the Dungeon
  5423 | D:5      | Reached XP level 8. HP: 46/46 MP: 4/19
  5587 | D:5      | Noticed Menkaure
  5962 | D:5      | Noticed Ijyb
  5992 | D:5      | Killed Ijyb
  6211 | D:5      | Killed Menkaure
  6215 | D:5      | Identified the amulet "Deiwnuuf" {Spirit rPois Str+4}
  6258 | D:5      | Found a sacrificial altar of Ru.
  6834 | D:6      | Reached skill level 5 in Fighting
  6926 | D:6      | Found a staircase to the Ecumenical Temple.
  7071 | Temple   | Entered the Ecumenical Temple
  7381 | D:6      | Reached XP level 9. HP: 42/56 MP: 13/20
  7740 | D:6      | Identified the amulet "Giogomotz" {rF+++ Regen+ Str+6
                  | Int+3}
  7800 | D:6      | Reached skill level 1 in Shields
  7930 | D:6      | Found a burning altar of Makhleb.
  8067 | D:6      | Noticed a kobold demonologist
  8071 | D:6      | Noticed an orange demon
  8074 | D:6      | Killed a kobold demonologist
  8589 | D:7      | Reached skill level 1 in Conjurations
  8636 | D:7      | Found a broken altar of Ashenzari.
  8834 | D:7      | Reached XP level 10. HP: 64/64 MP: 16/21
  8908 | D:7      | Noticed Dowan
  8913 | D:7      | Killed Dowan
  8962 | D:7      | Noticed Duvessa
  8971 | D:7      | Killed Duvessa
  9252 | D:7      | Found a glowing silver altar of Zin.
  9391 | D:7      | Found a blossoming altar of Fedhas.
  9515 | D:7      | Found an opulent altar of Gozag.
  9590 | Temple   | Became a worshipper of Vehumet
 10072 | D:8      | Found a staircase to the Lair.
 10080 | D:8      | Reached skill level 1 in Fire Magic
 10106 | D:8      | Reached skill level 5 in Conjurations
 10345 | D:8      | Noticed Erica
 10363 | D:8      | Killed Erica
 10364 | D:8      | Reached skill level 7 in Spellcasting
 10897 | D:8      | Reached * piety under Vehumet
 10897 | D:8      | Offered knowledge of Shock by Vehumet.
 10899 | D:8      | Noticed Joseph
 10916 | D:8      | Killed Joseph
 11100 | D:8      | Noticed Grum
 11106 | D:8      | Reached XP level 11. HP: 53/68 MP: 15/24
 11109 | D:8      | Reached skill level 8 in Spellcasting
 11139 | D:8      | Killed Grum
 11367 | D:8      | Noticed Pikel
 11381 | D:8      | Killed Pikel
 11382 | D:8      | Reached skill level 5 in Fire Magic
 12037 | D:9      | Found a transporter.
 12038 | D:9      | Noticed lonewolfV2's ghost (novice DsFi)
 12040 | D:9      | Found a transporter.
 12040 | D:9      | Noticed a two-headed ogre
 12042 | D:9      | Noticed a two-headed ogre
 12043 | D:9      | Noticed a two-headed ogre
 12046 | D:9      | Noticed a two-headed ogre
 12048 | D:9      | Noticed a two-headed ogre
 12114 | D:9      | Reached ** piety under Vehumet
 12114 | D:9      | Offered knowledge of Freeze by Vehumet.
 12430 | D:9      | Found an ornate altar of the Wu Jian Council.
 12536 | D:9      | Found a basalt altar of Yredelemnul.
 12979 | D:2      | Killed Crazy Yiuf
 13310 | D:10     | Entered Level 10 of the Dungeon
 13310 | D:10     | Noticed Harold
 13313 | D:10     | Paralysed by Harold for 4 turns
 13320 | D:10     | HP: 3/68 [Harold/harpoon shot (17)]
 13347 | D:9      | Learned a level 5 spell: Fireball
 13501 | D:10     | Noticed a two-headed ogre
 13503 | D:10     | Killed Harold
 13658 | D:10     | Reached skill level 9 in Spellcasting
 13700 | D:10     | Reached skill level 10 in Spellcasting
 13836 | D:10     | Offered knowledge of Static Discharge by Vehumet.
 13997 | D:10     | Killed a two-headed ogre
 13998 | D:10     | Reached skill level 11 in Spellcasting
 14866 | D:10     | Noticed a hell knight
 14929 | D:10     | Killed a hell knight
 14929 | D:10     | Reached *** piety under Vehumet
 15148 | D:10     | Noticed a hell knight
 15165 | D:10     | Reached skill level 12 in Spellcasting
 15486 | D:10     | Noticed a hell knight
 15488 | D:10     | Killed a hell knight
 15489 | D:10     | Reached XP level 12. HP: 73/73 MP: 22/30
 15517 | D:10     | Reached skill level 13 in Spellcasting
 15861 | D:10     | Noticed a two-headed ogre
 15871 | D:10     | Reached skill level 14 in Spellcasting
 16197 | D:10     | Learned a level 5 spell: Irradiate
 16288 | D:11     | Noticed a two-headed ogre
 16307 | D:11     | Killed a two-headed ogre
 16813 | D:11     | Reached skill level 15 in Spellcasting
 16970 | D:11     | Found a staircase to the Orcish Mines.
 17035 | D:11     | Offered knowledge of Fulminant Prism by Vehumet.
 17045 | D:11     | Reached skill level 5 in Transmutations
 17155 | D:11     | Noticed a boulder beetle
 17160 | D:11     | Killed a boulder beetle
 17398 | D:11     | Gained mutation: Your magical capacity is low. (-10% MP)
                  | [potion of mutation]
 17398 | D:11     | Gained mutation: You are frail. (-10% HP) [potion of
                  | mutation]
 17399 | D:11     | Lost mutation: Your magical capacity is low. (-10% MP)
                  | [potion of mutation]
 17399 | D:11     | Lost mutation: You are frail. (-10% HP) [potion of
                  | mutation]
 17399 | D:11     | Gained mutation: Your flesh is cold resistant. (rC+)
                  | [potion of mutation]
 17399 | D:11     | Gained mutation: You have sharp toenails. [potion of
                  | mutation]
 17399 | D:11     | Gained mutation: You are robust. (+10% HP) [potion of
                  | mutation]
 17400 | D:11     | Lost mutation: You are robust. (+10% HP) [potion of
                  | mutation]
 17400 | D:11     | Lost mutation: Your flesh is cold resistant. (rC+) [potion
                  | of mutation]
 17400 | D:11     | Gained mutation: You possess an exceptional clarity of
                  | mind. [potion of mutation]
 17400 | D:11     | Gained mutation: You are weak. (Str -2) [potion of
                  | mutation]
 17401 | D:11     | Lost mutation: You have sharp toenails. [potion of
                  | mutation]
 17401 | D:11     | Lost mutation: You are weak. (Str -2) [potion of mutation]
 17401 | D:11     | Gained mutation: You occasionally lose the ability to read
                  | scrolls when taking damage. [potion of mutation]
 17491 | Lair:1   | Entered Level 1 of the Lair of Beasts
 17997 | Lair:1   | Noticed Fannar
 18013 | Lair:1   | Killed Fannar
 18727 | Lair:2   | Reached XP level 13. HP: 78/78 MP: 34/34
 19009 | Lair:2   | Reached **** piety under Vehumet
 19537 | Lair:2   | Offered knowledge of Volatile Blastmotes by Vehumet.
 19570 | Lair:2   | Reached skill level 16 in Spellcasting
 19582 | Lair:2   | Reached skill level 10 in Conjurations
 20451 | Lair:3   | Found a staircase to the Snake Pit.
 21286 | Lair:3   | Found a staircase to the Swamp.
 23993 | Lair:4   | Reached skill level 10 in Fire Magic
 23994 | Lair:4   | Slain by a death yak

Illustrated notes

Levels and vault maps discovered:
D:1:      dpeg_arrival_orchard, layout_basic
D:2:      layout_loops_corners, uniq_natasha, uniq_crazy_yiuf_cottage
D:3:      layout_basic, serial_shops, nicolae_shop_stone, shop
D:4:      layout_basic, nicolae_figureground_sparkle, uniq_sigmund, uniq_robin,
          uniq_blork_the_orc
D:5:      layout_cave_pools, nicolae_ru_path_of_blood, minmay_quadrilaterals,
          uniq_menkaure, uniq_ijyb
D:6:      cheibrodos_barr_body, layout_rooms, lemuel_doored_altar,
          minmay_temple_entry_large_hall, hangedman_decor_growths,
          minmay_fractal_squares_gapless_5
D:7:      layout_basic, mainiacjoe_overflow_big_doors, lemuel_tele_altar,
          zin_scriptorium, nicolae_figureground_pulse, uniq_duvessa
D:8:      layout_loops_cross, minmay_lair_entry_grove, serial_demonic,
          serial_demonic_f, serial_demonic_e, serial_demonic_b,
          serial_demonic_d, serial_demonic_g, serial_demonic_f, uniq_pikel,
          uniq_joseph, uniq_grum, uniq_erica
D:9:      layout_irregular_city, mainiacjoe_overflow_catwalk_spiral,
          gammafunk_ghost_smash, serial_bayou_crossing
D:10:     layout_cross, minmay_rotating_lava, uniq_harold
D:11:     layout_cave_pools, david_orc_1_choice
Temple:   nicolae_temple_great_sept
Lair:1:   layout_cave_pods, beast_lair_carwin_2, serial_bayou_shore_b,
          lemuel_fruit_tree, uniq_fannar
Lair:2:   layout_loops_ring, serial_forest, infiniplex_forest_clump_small,
          infiniplex_forest_lined_1, infiniplex_forest_corner_2,
          infiniplex_forest_lined_4_way, infiniplex_forest_clump_medium,
          infiniplex_forest_clump_large, infiniplex_forest_clump_tiny,
          infiniplex_forest_clump_double, infiniplex_forest_lined_ring,
          infiniplex_forest_clump_small
Lair:3:   layout_small_grid, nicolae_swamp_entry_splash_gauntlet,
          guppyfry_snake_entry_island
Lair:4:   layout_loops_ring, dreamdust_gnoll_shepherd, lemuel_fruit_fields,
          grunt_megastairs_5

Skill      XL: |  1  2  3  4  5  6  7  8  9 10 11 12 13 |
---------------+----------------------------------------+-----
Poison Magic   | 4 5 6 8 |  8.0
Spellcasting   | 6 7 12 15 16 | 16.0
Dodging        | 5 7 8 |  8.0
Fighting       | 3 6 8 |  8.0
Shields        | 4 |  4.0
Conjurations   | 2 7 8 12 | 12.0
Fire Magic     | 4 8 10 | 10.0
Transmutations | 8 |  8.0
Stealth        | |  2.4

Action                     |  1- 3 |  4- 6 |  7- 9 | 10-12 | 13-15 || total
---------------------------+-------+-------+-------+-------+-------++-------
  Melee: Staff             |     5 |    22 |   136 |   299 |   144 ||   606
         Punch             |       |       |     2 |       |       ||     2
   Cast: Sting             |    18 |       |       |     2 |       ||    20
         Poisonous Vapours |    13 |    58 |    50 |   136 |    33 ||   290
         Olgreb's Toxic Ra |       |     5 |    21 |    65 |    25 ||   116
         Magic Dart        |       |       |    21 |    58 |       ||    79
         Blink             |       |       |       |    18 |       ||    18
         Fireball          |       |       |       |    12 |    24 ||    36
         Irradiate         |       |       |       |    16 |    13 ||    29
  Evoke: Wand              |       |       |       |     1 |       ||     1
    Use: Scroll            |     3 |       |     4 |     7 |     5 ||    19
         Potion            |       |       |     1 |     7 |     1 ||     9
   Stab: Sleeping          |     1 |     3 |     3 |       |     2 ||     9
 Armour: Robe              |     2 |     3 |    47 |    84 |    63 ||   199
  Dodge: Dodged            |     4 |    15 |   136 |   308 |   187 ||   650
  Block: Buckler           |       |       |     4 |   111 |    66 ||   181
